 Dungeon Crawl Stone Soup version 0.17-a0-1748-g222fba8 (webtiles) character file.

44 kae the Conjurer (level 3, 0/19 HPs)
             Began as a Tengu Conjurer on Sept 1, 2015.
             Slain by a kobold
             ... wielding a +0 club
              (2 damage)
             ... on level 2 of the Dungeon.
             The game lasted 00:01:15 (1140 turns).

kae the Conjurer (Tengu Conjurer)                   Turns: 1140, Time: 00:01:16

Health: 0/19       AC:  2    Str:  8    XL:     3   Next: 60%
Magic:  2/7        EV: 15    Int: 16    God:
Gold:   36         SH:  0    Dex: 14    Spells: 1 memorised, 5 levels left

rFire  . . .     SeeInvis .     (no weapon)
rCold  . . .     Clarity  .     a - +0 robe
rNeg   . . .     SustAt   .     (no shield)
rPois  .         Gourm    .     (helmet restricted)
rElec  .         Spirit   .     (no cloak)
rCorr  .         Warding  .     (no gloves)
rMut   .         Stasis   .     (boots unavailable)
MR     .....                    (no amulet)
Stlth  ++........               (no ring)
                                e - ring of flight

@: flying quickly and evasively, slowed, very slow, not resistant to hostile
enchantments, unstealthy
A: beak, talons 3
a: no special abilities


You were on level 2 of the Dungeon.
You were very hungry.

You visited 1 branch of the dungeon, and saw 2 of its levels.

You collected 36 gold pieces.

Inventory:

Armour
 a - a +0 robe (worn)
Jewellery
 e - a ring of flight (left hand)
Scrolls
 d - 3 scrolls of identify {unknown}
 g - a scroll of remove curse {unknown}
 h - a scroll of magic mapping {unknown}
 i - a scroll of enchant weapon {unknown}
 j - a scroll of amnesia {unknown}
Books
 b - a book of Conjurations

   Spells                             Type                      Level
   a - Magic Dart                     Conjuration                  1
   b - Searing Ray                    Conjuration                  2
   c - Dazzling Spray                 Conjuration/Hexes            3
   d - Fulminant Prism                Conjuration/Hexes            4
   e - Iskenderun's Mystic Blast      Conjuration                  4
   f - Iskenderun's Battlesphere      Conjuration/Charms           5
Comestibles
 c - a bread ration


   Skills:
 - Level 2.1 Dodging
 - Level 2.0 Stealth
 - Level 2.0 Spellcasting
 + Level 6.9 Conjurations


You had 5 spell levels left.
You knew the following spells:

 Your Spells              Type           Power        Failure   Level  Hunger
a - Magic Dart            Conj           ###.         1%          1    #......


Dungeon Overview and Level Annotations

Branches:
Dungeon (2/15)

Altars:
Cheibriados


Innate Abilities, Weirdness & Mutations

You have a beak for a mouth.
You have claws for feet.


Message History

The orc closely misses you.
The goblin zaps a wand.
You feel as though you will be slow longer.
Drink which item? (? for menu, Esc to quit)
You feel very buoyant.
You swoop lightly up into the air.
The orc hits you but does no damage.
The goblin zaps a wand.
You resist with significant effort. The orc closely misses you.
The goblin zaps a wand.
You resist with significant effort. The orc closely misses you.
The orc misses you.
The goblin zaps a wand.
You resist with significant effort.
There is a stone staircase leading up here.
The goblin zaps a wand.
You feel as though you will be slow longer.
The goblin zaps a wand.
You feel as though you will be slow longer.
The orc barely misses you.
The goblin zaps a wand.
You feel as though you will be slow longer.
The orc closely misses you. The kobold hits you with a club.
You die...

.. .# .# .#### #####
########...) #...#
##......#..# ###...###
##.......#..#...
#.......###...<.....รท.....
#........@Ko.......##.#..)
#.......###g....>..## ..
###...### ##.....#).# ##
#...# ##...###'# ##.##
##..# .... #.# #..#.....#
#.# ...#K._..# #.#
#####.....# #.# #######


You could see an orc, a goblin and a kobold.

Vanquished Creatures
  Natasha (D:2)
  An orc (D:2)
  3 bats (D:1)
  A giant cockroach (D:1)
  2 goblins (D:1)
  3 hobgoblins (D:1)
  2 giant newts (D:1)
  2 kobolds (D:1)
  2 rats
17 creatures vanquished.

Notes
Turn   | Place    | Note
--------------------------------------------------------------
     0 | D:1      | kae the Tengu Conjurer began the quest for the Orb.
     0 | D:1      | Reached XP level 1. HP: 10/10 MP: 4/4
   324 | D:1      | Reached XP level 2. HP: 15/15 MP: 3/6
   529 | D:1      | Reached skill level 6 in Conjurations
   814 | D:2      | Noticed Natasha
   820 | D:2      | Killed Natasha
   820 | D:2      | Reached XP level 3. HP: 2/19 MP: 0/7
  1102 | D:2      | Found a snail-covered altar of Cheibriados.
  1140 | D:2      | Slain by a kobold

Vault maps used:
D:1:      dpeg_arrival_arbitrary_a, kennysheep_boxes
D:2:      grunt_temple_overflow_gold_and_silver, old_standard_altar,
          cheibriados_altar_wand_db, hangedman_glass_teeth, uniq_natasha

Action                   || total
-------------------------++-------
Melee: Unarmed           ||    15
 Cast: Magic Dart        ||    39
  Use: Potion            ||     2
